 Dungeon Crawl Stone Soup version 0.31-a0-355-g57cb03d3e8 (webtiles) character file.

Game seed: 3289157635702334094

479 HallandMoats the Unbeliever (level 6, -1/52 HPs)
             Began as a Demonspawn Monk on July 24, 2023.
             Slain by an ogre
             ... wielding a +0 giant club
              (9 damage)
             ... on level 3 of the Dungeon.
             The game lasted 00:10:08 (3822 turns).

HallandMoats the Unbeliever (Demonspawn Monk)       Turns: 3822, Time: 00:10:09

Health: -1/52      AC:  7    Str: 13    XL:     6   Next: 86%
Magic:  10/10      EV: 11    Int: 11    God:
Gold:   152        SH:  0    Dex: 16    Spells: 5/5 levels left

rFire   . . .        a - +0 hammer
rCold   . . .        d - orb {light}
rNeg    . . .        w - +0 ring mail
rPois   +            v - +0 helmet
rElec   .            i - +0 cloak
rCorr   .            (no gloves)
SInv    .            (no boots)
Will    .....        (no amulet)
Stlth   +            r - +4 ring of slaying
HPRegen 0.28/turn    x - ring of poison resistance
MPRegen 0.24/turn

%: no passive effects
@: glowing
A: ignite blood 1, magic regeneration
a: no special abilities


You were on level 3 of the Dungeon.
You visited 1 branch of the dungeon, and saw 4 of its levels.
You also visited: Sewer.

You collected 152 gold pieces.

Inventory:

Hand Weapons
 a - a +0 hammer (weapon)
 b - a +2 sling of draining
Missiles
 o - 36 stones
Armour
 d - an orb of light (worn)
 i - a +0 cloak (worn)
 v - a +0 helmet (worn)
 w - a +0 ring mail (worn)
Jewellery
 r - a +4 ring of slaying (left hand)
 x - a ring of poison resistance (right hand)
Scrolls
 e - 2 scrolls of enchant armour {unknown}
 f - a scroll of amnesia {unknown}
 h - 4 scrolls of teleportation
 k - 2 scrolls of summoning {unknown}
 m - 3 scrolls of blinking {unknown}
 n - a scroll of acquirement {unknown}
 q - a scroll of enchant weapon {unknown}
 s - a scroll of noise {unknown}
Potions
 c - 2 potions of ambrosia
 g - 7 potions of enlightenment
 j - 2 potions of heal wounds
 l - a potion of magic
 p - 3 potions of curing
 t - a potion of haste {unknown}
Miscellaneous
 u - a phial of floods


   Skills:
 + Level 5.9 Fighting
 - Level 2.6 Maces & Flails
 - Level 2.6 Dodging
 + Level 6.5 Invocations


You had 5 spell levels left.
You didn't know any spells.
Your spell library contained the following spells:

 Spells                   Type           Power      Damage    Failure   Level
 Lesser Beckoning         Tloc           0%         N/A       75%         2
 Gell's Gravitas          Tloc           0%         N/A       93%         3
 Teleport Other           Tloc           0%         N/A       93%         3


Dungeon Overview and Level Annotations

Branches:
Dungeon (4/15)              Sewer (visited)
 Temple: D:4-7

Altars:

Shops:
D:1 ?


Innate Abilities, Weirdness & Mutations

Your demonic aura sometimes causes spilled blood to erupt in flames.
You regenerate magic rapidly.


Message History

The adder is heavily wounded.
You feel sick.
You are no longer poisoned.
The adder closely misses you. The adder bites you but does no damage.
You barely miss the adder.
The adder is heavily wounded.
The adder closely misses you. The adder barely misses you.
You thump the adder!
You kill the adder!
HP restored.
You see here a +0 hand axe.
Things that are here:
a +0 club; 8 poisoned darts; a kobold corpse
Found a club.
Found a whip.
q - a scroll labelled FAUREEG RAOMY An orc and an ogre come into view.
The orc shouts!
The ogre shouts!
The orc moves out of view.
An orc comes into view.
It is wielding a +2 flail of protection.
The orc shouts!
You hear a shout!
You see here a staff of air.
An orc comes into view. It is wielding a +0 dagger.
The orc shouts!
An orc comes into view. It is wielding a +0 dagger.
The ogre attacks as you move away! The ogre barely misses you.
There is a stone staircase leading up here.
The ogre hits you with a +0 giant club!
You climb upwards.
There is a stone staircase leading down here.
The ogre attacks as you move away! The ogre misses you.
Things that are here:
an amulet of faith; a +0 animal skin; a +0 club The ogre hits you with a +0 giant club!!
Ouch! That really hurt!
* * * LOW HITPOINT WARNING * * *
You hit the ogre.
The ogre is lightly wounded.
The ogre hits you with a +0 giant club!
You die...

####### #.....############
#.###.............
#@################
#######O##..............
#.......##.#....########
#########.......##'#....# #...
##.......'......"........# #.##
....######......>........# #.#.
#...# #######<........# #...
#...############.........#####...
.......................#.........


You could see an ogre.

Vanquished Creatures
  An ogre (D:3)
  Crazy Yiuf (D:3)
  An iguana (D:4)
  Jessica (D:3)
  A sickly merfolk siren (Sewer)
  A malarious merfolk avatar (Sewer)
  Robin (D:3)
  6 river rats
  6 adders
  2 worms (D:3)
  A dart slug (D:1)
  8 orcs
  16 ball pythons
  6 endoplasms
  3 giant cockroaches
  17 goblins
  9 hobgoblins
  3 jackals (D:2)
  7 kobolds
  8 quokkas
  5 bats
  6 frilled lizards
  29 rats
139 creatures vanquished.

Notes
Turn   | Place    | Note
-------+----------+-------------------------------------------
     0 | D:1      | HallandMoats the Demonspawn Monk began the quest for the
                  | Orb.
     0 | D:1      | Reached XP level 1. HP: 18/18 MP: 1/1
    64 | D:1      | Reached skill level 1 in Invocations
    98 | D:1      | Gained mutation: You regenerate magic rapidly. [demonic
                  | ancestry]
    98 | D:1      | Reached XP level 2. HP: 21/24 MP: 1/3
   166 | D:1      | Found Donk's Magic Scroll Boutique.
   264 | D:1      | Found a faded altar of an unknown god.
   323 | D:1      | Reached skill level 2 in Invocations
   461 | D:1      | Gained mutation: Your demonic aura sometimes causes spilled
                  | blood to erupt in flames. [demonic ancestry]
   461 | D:1      | Reached XP level 3. HP: 26/29 MP: 4/4
   949 | D:2      | Reached skill level 3 in Invocations
  1104 | D:2      | Reached XP level 4. HP: 25/37 MP: 6/6
  1640 | D:3      | Noticed Jessica
  1644 | D:3      | Killed Jessica
  1668 | D:3      | Noticed an ogre
  1677 | D:3      | Killed an ogre
  1678 | D:3      | Reached skill level 4 in Invocations
  1678 | D:3      | Reached XP level 5. HP: 43/43 MP: 6/8
  1758 | D:3      | Reached skill level 5 in Invocations
  1764 | D:3      | Reached skill level 5 in Fighting
  1861 | D:3      | Found a glowing drain.
  1868 | Sewer    | Entered a sewer
  2067 | Sewer    | Reached XP level 6. HP: 51/51 MP: 8/10
  2885 | D:3      | Noticed Robin
  2896 | D:3      | Killed Robin
  2954 | D:3      | Reached skill level 6 in Invocations
  3309 | D:3      | Found a runed translucent door.
  3310 | D:3      | Noticed Crazy Yiuf
  3511 | D:3      | Killed Crazy Yiuf
  3822 | D:3      | Slain by an ogre

Illustrated notes

Levels and vault maps discovered:
D:1:      evilmike_arrival_crescent, layout_rooms, serial_shops, shop,
          shapermc_ecumenical_altar_mp_highgroup, minmay_tripent
D:2:      layout_loops_ring
D:3:      layout_basic, lightli_sewer_entry_pipes, uniq_crazy_yiuf_cottage,
          uniq_robin, uniq_jessica
D:4:      layout_cave_pools, minmay_temple_entry_overgrown, lemuel_flame_loot_1

Skill      XL: |  1  2  3  4  5  6 |
---------------+-------------------+-----
Invocations    | 1 2 3 4 5 6 |  6.5
Fighting       | 4 5 |  5.9
Maces & Flails | |  2.6
Dodging        | |  2.6

Action                     |  1- 3 |  4- 6 || total
---------------------------+-------+-------++-------
  Melee: Mace              |   101 |   259 ||   360
   Fire: Sling             |    23 |    18 ||    41
    Use: Scroll            |       |     4 ||     4
         Potion            |       |     1 ||     1
 Armour: Robe              |    28 |    30 ||    58
         Ring mail         |       |    37 ||    37
  Dodge: Dodged            |    85 |   233 ||   318

Table legend: (Time is in decaauts)
 A = Elapsed time spent in this place.
 B = Non-inter-level travel time spent in this place.
 C = Inter-level travel time spent in this place.
 D = Time resting spent in this place.
 E = Time spent auto-exploring this place.
 F = Levels seen in this place.
 G = Mean time per level.
                   A        B        C        D        E       F      G
               +--------+--------+--------+--------+--------+-----+--------+
         Total |   4015 |   3889 |    126 |    536 |   2037 |   5 |  803.0 |
       Dungeon |   3317 |   3191 |    126 |    316 |   1871 |   4 |  829.2 |
         Sewer |    698 |    698 |      0 |    220 |    165 |   1 |  698.0 |
               +--------+--------+--------+--------+--------+-----+--------+

Top non-repeatable levels by time:
     D:3: 1475 daAuts
     D:2: 993 daAuts
   Sewer: 698 daAuts
     D:1: 674 daAuts
     D:4: 173 daAuts
